Kradschützen Motorcycle Team
Kradschützen Motorcycle Team
Construct Light Support Kompanie
Selects Defensive Operations
Selects Territory Booby Traps
Pak 38 Anti-tank Gun Team
Construct Panzerarmee Kommand
Selects Registered Artillery
Selects Towed Cannone da 105/28 Field Howitzer
Selects Obice 305mm Barrage
Construct Mechanized Kompanie
Marder III Tank Destroyer
Marder III Tank Destroyer
Marder III Tank Destroyer
18-tonne Recovery Half-track
254 Reconnaissance Tractor
Marder III Tank Destroyer
Marder III Tank Destroyer
254 Reconnaissance Tractor